 Dungeon Crawl Stone Soup version 0.26-a0-652-gafc20e3620 (webtiles) character file.

Game seed: 11380682148705266920

17 dolemite99 the Caller (level 2, -2/22 HPs)
             Began as a Deep Elf Summoner on Oct 4, 2020.
             Slain by Sigmund
             ... wielding a +2 scythe of flaming
              (5 damage)
             ... on level 2 of the Dungeon.
             The game lasted 00:02:34 (2095 turns).

dolemite99 the Caller (Deep Elf Summoner)           Turns: 2095, Time: 00:02:35

Health: -2/22      AC: 21    Str:  5    XL:     2   Next: 44%
Magic:  5/8        EV:  2    Int: 19    God:
Gold:   65         SH:  5    Dex: 15    Spells: 4/7 levels left

rFire    . . .     SeeInvis .   b - +0 short sword
rCold    . . .     Faith    .   (no shield)
rNeg     + + +     Spirit   .   (armour currently unavailable)
rPois    +         Reflect  +   (helmet currently unavailable)
rElec    .         Harm     .   (cloak currently unavailable)
rCorr    .         Rampage  .   (gloves currently unavailable)
MR       .....     NoTele   +   (boots currently unavailable)
Stlth    ++........             c - amulet of reflection
HPRegen  0.07/turn              (no ring)
MPRegen  0.11/turn              (no ring)

@: mighty, tree-form (expiring)
A: no striking features
a: no special abilities


You were on level 2 of the Dungeon.
You were a tree.
You visited 1 branch of the dungeon, and saw 2 of its levels.

You collected 65 gold pieces.

Inventory:

Hand Weapons
 b - a +0 short sword (weapon)
 g - a +0 hand axe
Missiles
 f - 28 sling bullets
 j - 15 stones (quivered)
Armour
 a - a +0 robe (melded)
 e - a +0 helmet (melded)
 i - a +2 buckler
Jewellery
 c - an amulet of reflection (around neck)
Scrolls
 d - 3 scrolls of identify {unknown}
 h - a scroll of fog {unknown}


   Skills:
 + Level 2.2 Throwing
 - Level 2.4 Dodging
 - Level 2.4 Stealth
 - Level 3.0 Spellcasting
 - Level 4.3 Summonings


You had 4 spell levels left.
You knew the following spells:

 Your Spells              Type           Power        Failure   Level
a - Summon Small Mammal   Summ           ###.         2%          1
b - Call Imp              Summ           ###.....     3%          2

Your spell library contained the following spells:

 Spells                   Type           Power        Failure   Level
 Call Canine Familiar     Summ           ###.....     8%          3
 Summon Guardian Golem    Hex/Summ       ##......     19%         3
 Summon Ice Beast         Ice/Summ       ##......     52%         4
 Summon Lightning Spire   Summ/Air       ##......     52%         4


Dungeon Overview and Level Annotations

Branches:
Dungeon (2/15)

Altars:

Annotations:
D:2 Sigmund


Message History

* * * LOW HITPOINT WARNING * * *
Something hits you but does no damage. Something hits you but does no damage.
You feel less confused.
You hear some strange, mumbled words.
A puff of flame appears from out of thin air!
The puff of flame hits your white imp!
Your white imp is burned terribly!
Your white imp dies!
A magic dart appears from out of thin air!
The magic dart hits you but does no damage.
Something hits you but does no damage. Something completely misses you.
Your crimson imp barely misses something.
You cannot move.
Something hits you but does no damage.
Your crimson imp completely misses something.
Your transformation is almost over.
Something hits you.
You die...

#. #.#+#+###
#.......#
#.......# #
#.......#
###.#.......#
.........<..#
##...#'#####
#....♣..#
#..##.#.# #.
.{#.# # #55#
. #..# ..
#..# .♣ #..#
.P ...#


You could see 2 friendly crimson imps.

Vanquished Creatures
  3 jackals (D:1)
  A bat (D:1)
  A frilled lizard (D:1)
  A rat (D:1)
6 creatures vanquished.

Vanquished Creatures (collateral kills)
  A giant cockroach (D:1)
  A goblin (D:1)
  3 hobgoblins (D:1)
  3 jackals (D:1)
  3 kobolds (D:1)
  2 rats (D:1)
13 creatures vanquished.

Grand Total: 19 creatures vanquished

Notes
Turn   | Place    | Note
-------+----------+-------------------------------------------
     0 | D:1      | dolemite99 the Deep Elf Summoner began the quest for the
                  | Orb.
     0 | D:1      | Reached XP level 1. HP: 10/10 MP: 6/6
   418 | D:1      | Reached skill level 1 in Throwing
  1114 | D:1      | Reached XP level 2. HP: 15/15 MP: 5/8
  1663 | D:1      | Learned a level 2 spell: Call Imp
  2055 | D:2      | Noticed Sigmund
  2095 | D:2      | Slain by Sigmund

Illustrated notes

Levels and vault maps discovered:
D:1:      mainiacjoe_arrival_reflecting_pool, layout_basic
D:2:      layout_basic, serial_forest, infiniplex_forest_clump_tiny,
          infiniplex_forest_corner_1, infiniplex_forest_side_room,
          infiniplex_forest_lined_corner, infiniplex_forest_3_way,
          infiniplex_forest_clump_medium, uniq_crazy_yiuf_cottage, uniq_sigmund

Skill      XL: |  1  2 |
---------------+-------+-----
Throwing       | 1 2 |  2.2
Dodging        | |  2.4
Stealth        | |  2.4
Spellcasting   | |  3.0
Summonings     | |  4.3

Action                   || total
-------------------------++-------
Melee: Short sword       ||    31
Throw: Dart              ||     6
       Stone             ||     4
 Cast: Summon Small Mamm ||    27
       Call Imp          ||     5
  Use: Potion            ||     2
Armor: Robe              ||     9
       Skin              ||    17
Dodge: Dodged            ||    42
Block: Other             ||    12
       Reflection        ||     2

Table legend: (Time is in decaauts)
 A = Elapsed time spent in this place.
 B = Non-inter-level travel time spent in this place.
 C = Inter-level travel time spent in this place.
 D = Time resting spent in this place.
 E = Time spent auto-exploring this place.
 F = Levels seen in this place.
 G = Mean time per level.
                   A        B        C        D        E       F      G
               +--------+--------+--------+--------+--------+-----+--------+
         Total |   2097 |   2073 |     24 |    854 |    788 |   2 | 1048.5 |
       Dungeon |   2097 |   2073 |     24 |    854 |    788 |   2 | 1048.5 |
               +--------+--------+--------+--------+--------+-----+--------+

Top non-repeatable levels by time:
     D:1: 2055 daAuts
     D:2: 41 daAuts
